 Dungeon Crawl Stone Soup version 0.18.1-48-g4cf74bf (webtiles) character file.

1872 Qew7 the Skirmisher (level 8, -4/65 HPs)
             Began as a Demonspawn Chaos Knight on Aug 21, 2016.
             Killed from afar by an orc wizard (10 damage)
             ... with a puff of frost
             ... on level 4 of the Dungeon.
             The game lasted 00:27:27 (3154 turns).

Qew7 the Skirmisher (Demonspawn Chaos Knight)       Turns: 3154, Time: 00:27:27

Health: -4/65      AC:  9    Str: 15    XL:     8   Next: 91%
Magic:  12/12      EV: 14    Int: 16    God:    Xom [.*....]
Gold:   249        SH:  2    Dex: 17    Spells: 0 memorised, 12 levels left

rFire  . . .     SeeInvis .     a - +0 hand axe (chaos)
rCold  . . .     Gourm    .     b - +2 leather armour
rNeg   . . .     Faith    .     (no shield)
rPois  .         Spirit   .     (no helmet)
rElec  .         Dismiss  .     o - +1 cloak
rCorr  .         Reflect  +     s - +0 pair of gloves
SustAt .         Harm     .     (no boots)
MR     .....                    w - +2 amulet of reflection
Stlth  ++++++....               (no ring)
                                t - +3 ring of intelligence

@: very slightly contaminated, hasted, very quick, not resistant to hostile
enchantments, very stealthy
A: hooves 1, thin skeletal structure 2, nightstalker 2, powered by pain 1
a: Renounce Religion


You were on level 4 of the Dungeon.
You worshipped Xom.
You were a plaything of Xom.
You were not hungry.

You visited 1 branch of the dungeon, and saw 4 of its levels.

You collected 249 gold pieces.

Inventory:

Hand Weapons
 a - a +0 hand axe of chaos (weapon)
 l - a +0 hunting sling
Missiles
 m - 314 stones (quivered)
Armour
 b - a +2 leather armour (worn)
 k - a +0 robe
 o - a +1 cloak (worn)
 s - a +0 pair of gloves (worn)
Jewellery
 d - an uncursed ring of protection from magic {unknown}
 t - a +3 ring of intelligence (left hand)
 w - a +2 amulet of reflection (around neck)
Wands
 r - a wand of slowing (22/48)
Scrolls
 e - a scroll of identify
 n - a scroll of enchant armour {unknown}
 p - a scroll of remove curse {unknown}
 q - a scroll of blinking {unknown}
 u - a scroll of amnesia {unknown}
Comestibles
 f - a meat ration
 h - a beef jerky
 j - 2 bread rations


   Skills:
 + Level 6.6 Fighting
 + Level 6.0 Axes
 + Level 4.5 Slings
 + Level 5.3 Armour
 + Level 4.8 Dodging
 + Level 5.9 Stealth
 + Level 2.7 Unarmed Combat
 + Level 2.6 Spellcasting
 + Level 3.1 Evocations


You had 12 spell levels left.
You didn't know any spells.

Dungeon Overview and Level Annotations

Branches:
Dungeon (4/15)
 Temple: D:4-7

Altars:
Nemelex Xobeh
Vehumet
The Shining One


Innate Abilities, Weirdness & Mutations

You have large cloven feet.
You have a moderately thin skeletal structure (Dex +4, Stealth+).
You are significantly more attuned to the shadows.
You sometimes gain a little power by taking damage.


Message History

You kick the orc wizard, but do no damage.
The orc wizard gestures at you while chanting.
The puff of flame hits you!
* * * LOW HITPOINT WARNING * * *
Xom's power almost touches on you for a moment.
Nothing appears to happen...
Ominous!
The orc wizard gestures at you while chanting.
The puff of flame misses you.
A giant frog skeleton comes into view.
Found 23 poisoned needles.
It was a potion of haste.
You feel yourself speed up.
The orc wizard gestures at you while chanting.
The magic dart hits you!
* * * LOW HITPOINT WARNING * * *
The orc wizard gestures wildly while chanting.
The orc wizard flickers and vanishes!
You are very lightly contaminated with residual magic.
The orc wizard gestures at you while chanting.
The puff of frost hits you!
You die...

.# .. #.# #..#####
#.## #..#...# #...
.(...#.############.#
....................#
.....@o...........#.##
...####o#########.#...
[ #.# #.#### #o# #.#
#.# #.# #{# #.# #..
###


You could see 2 orc wizards.

Vanquished Creatures
  Pikel (D:4)
  The ghost of smzp the Skirmisher, an amateur HOAK of Lugonu (D:3)
  2 slaves (D:4)
  2 ogres (D:4)
  6 big kobolds (D:3)
  3 hounds
  Jessica (D:2)
  An iguana (D:4)
  2 worker ants
  A gnoll (D:3)
  4 worms
  3 giant geckos
  2 orcs
  3 bats
  3 giant cockroaches
  12 goblins
  8 hobgoblins
  4 jackals (D:1)
  A quokka (D:2)
  3 giant newts
  41 kobolds
  7 rats
111 creatures vanquished.

Vanquished Creatures (collateral kills)
  2 big kobolds (D:3)
2 creatures vanquished.

Vanquished Creatures (others)
  2 orcs (D:4)
2 creatures vanquished.

Grand Total: 115 creatures vanquished

Notes
Turn   | Place    | Note
--------------------------------------------------------------
     0 | D:1      | Qew7 the Demonspawn Chaos Knight began the quest for the Orb.
     0 | D:1      | Reached XP level 1. HP: 18/18 MP: 1/1
    21 | D:1      | Reached skill level 1 in Dodging
    40 | D:1      | XOM: harmless Hex miscast
    89 | D:1      | Gained mutation: You have large cloven feet. [demonic ancestry]
    89 | D:1      | Reached XP level 2. HP: 22/24 MP: 2/2
   106 | D:1      | XOM: divination: detect creatures
   201 | D:1      | Gained mutation: You are slightly more attuned to the shadows. [demonic ancestry]
   201 | D:1      | Reached XP level 3. HP: 23/29 MP: 3/3
   522 | D:2      | XOM: divination: magic mapping
   524 | D:2      | Noticed Jessica
   547 | D:2      | Killed Jessica
   547 | D:2      | Gained mutation: You have a somewhat thin skeletal structure (Dex +2, Stealth). [demonic ancestry]
   547 | D:2      | Reached XP level 4. HP: 27/35 MP: 4/4
   836 | D:2      | XOM: silly message
   927 | D:2      | Found a radiant altar of Vehumet.
  1326 | D:2      | Found a glowing golden altar of the Shining One.
  1745 | D:3      | XOM: divination: detect creatures
  1878 | D:3      | Reached skill level 1 in Stealth
  1903 | D:3      | Gained mutation: You have a moderately thin skeletal structure (Dex +4, Stealth+). [demonic ancestry]
  1903 | D:3      | Reached XP level 5. HP: 36/42 MP: 5/5
  2013 | D:3      | Reached skill level 1 in Slings
  2073 | D:3      | Reached XP level 6. HP: 27/48 MP: 6/6
  2075 | D:3      | XOM: blink monster(s)
  2077 | D:3      | XOM: potion effect (experience)
  2077 | D:3      | Reached skill level 5 in Axes
  2077 | D:3      | Reached skill level 5 in Armour
  2077 | D:3      | Gained mutation: You sometimes gain a little power by taking damage. [demonic ancestry]
  2077 | D:3      | Reached XP level 7. HP: 34/58 MP: 6/11
  2275 | D:3      | XOM: 3-stop teleportation journey
  2296 | D:3      | Noticed smzp's ghost (amateur HOAK)
  2312 | D:3      | Killed smzp's ghost
  2312 | D:3      | Reached skill level 5 in Stealth
  2548 | D:3      | XOM: mild Necr miscast
  2563 | D:3      | XOM: cast spell 'Call Canine Familiar'
  2573 | D:3      | Gained mutation: You are significantly more attuned to the shadows. [demonic ancestry]
  2573 | D:3      | Reached XP level 8. HP: 44/65 MP: 12/12
  2913 | D:4      | Found a sparkling altar of Nemelex Xobeh.
  3011 | D:4      | XOM: destruction
  3054 | D:4      | Noticed Pikel
  3059 | D:4      | XOM: summons friendly crimson imp
  3067 | D:4      | XOM: enchant monster (good)
  3084 | D:4      | XOM: enchant monster (bad)
  3092 | D:4      | XOM: noise
  3112 | D:4      | XOM: noise
  3118 | D:4      | Killed Pikel
  3151 | D:4      | XOM: silly message
  3154 | D:4      | Killed from afar by an orc wizard

Skill      XL: |  1  2  3  4  5  6  7  8 |
---------------+-------------------------+-----
Dodging        | 1 2 4 |  4.8
Axes           | 3 5 6 |  6.0
Armour         | 2 5 |  5.3
Stealth        | 1 4 5 |  5.9
Slings         | 1 4 |  4.5
Fighting       | 4 6 |  6.6
Unarmed Combat | 2 |  2.7
Spellcasting   | 2 |  2.6
Evocations     | 3 |  3.1

Action                   |  1- 3 |  4- 6 |  7- 9 || total
-------------------------+-------+-------+-------++-------
Melee: Hand axe          |    95 |   179 |   198 ||   472
       Kick              |    15 |    51 |    70 ||   136
       Punch             |       |       |     2 ||     2
 Fire: Hunting sling     |       |    19 |     9 ||    28
Evoke: Wand              |       |       |     1 ||     1
  Use: Potion            |     2 |     2 |     3 ||     7
       Scroll            |     1 |     4 |     3 ||     8
 Stab: Sleeping          |       |     3 |     9 ||    12
       Confused          |       |     2 |     1 ||     3
       Paralysed         |       |       |     7 ||     7
       Distracted        |       |       |     2 ||     2
  Eat: Bread ration      |       |     1 |       ||     1
       Pizza             |       |       |     2 ||     2
       Royal jelly       |       |       |     1 ||     1
Armor: Leather armour    |    48 |    59 |    65 ||   172
Dodge: Dodged            |    73 |   102 |   134 ||   309
Block: Other             |       |       |     7 ||     7
